 Dungeon Crawl Stone Soup version 0.31-a0-1628-gdde2bdd (webtiles) character file.

Game seed: 8239765646734885735

2607 PidgeyThePirate the Unbeliever (level 9, -1/68 HPs)
             Began as a Demonspawn Monk on Jan 12, 2024.
             Slain by a gnoll
             ... wielding a +0 whip
             ... led by a gnoll bouda
              (3 damage)
             ... while paralysed by a hornet
             ... on level 7 of the Dungeon.
             The game lasted 00:14:51 (6805 turns).

PidgeyThePirate the Unbeliever (Demonspawn Monk)    Turns: 6805, Time: 00:14:51

Health: -1/68      AC:  7    Str: 14    XL:     9   Next: 33%
Magic:  14/14      EV:  2    Int: 11    God:
Gold:   420        SH:  0    Dex: 23    Spells: 8/8 levels left

rFire   . . .        N - +2 dagger (elec)
rCold   . . .        g - +0 buckler
rNeg    . . .        n - +0 leather armour
rPois   .            s - +1 hat
rElec   .            (no cloak)
rCorr   .            I - +2 pair of gloves
SInv    .            (no boots)
Will    .....        (no amulet)
Stlth   +++          e - +5 ring of evasion
HPRegen 0.31/turn    f - +6 ring of dexterity
MPRegen 0.14/turn

%: no passive effects
@: paralysed, lethally poisoned (-1 -> -7)
A: claws 1, horns 1, demonic guardian 1, demonic magic 1, weakness stinger 1
a: no special abilities


You were on level 7 of the Dungeon.
You visited 2 branches of the dungeon, and saw 9 of its levels.

You collected 420 gold pieces.

Inventory:

Hand Weapons
 a - a +0 short sword
 N - a +2 dagger of electrocution (weapon)
Missiles
 D - 2 throwing nets (quivered)
Armour
 b - a +0 robe
 d - an orb of light
 g - a +0 buckler (worn)
 n - a +0 leather armour (worn)
 s - a +1 hat (worn)
 G - a +0 kite shield
 I - a +2 pair of gloves (worn)
Jewellery
 e - a +5 ring of evasion (left hand)
 f - a +6 ring of dexterity (right hand)
 x - a ring of protection from fire
 M - an amulet of magic regeneration
Wands
 C - a wand of paralysis (1)
Scrolls
 j - a scroll of acquirement {unknown}
 l - 3 scrolls of identify
 o - a scroll of butterflies {unknown}
 q - 3 scrolls of torment
 r - 3 scrolls of vulnerability {unknown}
 u - 2 scrolls of teleportation {unknown}
 y - 2 scrolls of enchant armour {unknown}
 A - 3 scrolls of fear {unknown}
 B - a scroll of silence {unknown}
 F - a scroll of noise {unknown}
 H - 2 scrolls of amnesia {unknown}
 J - a scroll of immolation {unknown}
Potions
 c - a potion of ambrosia
 h - a potion of brilliance {unknown}
 i - a potion of enlightenment {unknown}
 k - 5 potions of lignification {unknown}
 m - a potion of haste {unknown}
 p - a potion of berserk rage {unknown}
 t - a potion of mutation {unknown}
 v - 2 potions of might {unknown}
 w - a potion of magic {unknown}
 z - 2 potions of heal wounds {unknown}
 E - 2 potions of cancellation {unknown}
 K - 2 potions of degeneration {unknown}
 L - a potion of curing {unknown}


   Skills:
 + Level 5.0 Fighting
 * Level 6.4 Short Blades
 + Level 2.9 Armour
 + Level 5.1 Dodging
 + Level 4.6 Stealth
 + Level 2.7 Shields
 * Level 7.3 Invocations
 + Level 1.1 Evocations


You had 8 spell levels left.
You didn't know any spells.
Your spell library contained the following spells:

 Spells                   Type           Power      Damage    Failure   Level
 Apportation              Tloc           0%         N/A       52%         1
 Necrotise                Necr           0%         1d4       52%         1
 Sting                    Conj/Alch      0%         1d3       52%         1
 Summon Small Mammal      Summ           0%         N/A       52%         1
 Ensorcelled Hibernation  Hex/Ice        0%         N/A       65%         2
 Passwall                 Erth           0%         N/A       87%         3
 Swiftness                Air            0%         N/A       87%         3
 Volatile Blastmotes      Fire/Tloc      0%         2d10      87%         3
 Fulminant Prism          Conj/Alch      0%         3d5       99%         4
 Iskenderun's Mystic Bla  Conj/Tloc      0%         2d3       99%         4
 Iskenderun's Battlesphe  Conj           0%         2d6       100%        5
 Bombard                  Conj/Erth      0%         9d1       100%        6
 Spellforged Servitor     Conj/Summ      0%         N/A       100%        7


Dungeon Overview and Level Annotations

Branches:
Dungeon (8/15)             Temple (1/1) D:5
   Lair: D:8-11

Altars:
Ashenzari
Cheibriados
Dithmenos
Fedhas
Gozag
Hepliaklqana
Kikubaaqudgha
Makhleb
Okawaru
Qazlal
Ru
Sif Muna
Trog
Uskayaw
Wu Jian
Xom

Shops:
D:2 [


Innate Abilities, Weirdness & Mutations

You have sharp fingernails.
You have a pair of small horns on your head.
A weak demonic guardian rushes to your aid.
Spells you cast may paralyse adjacent enemies.
You have a small tail.


Message History

The gnoll bouda misses you.
There is a stone staircase leading up here.
The hornet stings you.
You are poisoned.
You suddenly lose the ability to move!
You stop ascending the stairs.
The gnoll barely misses you. The hornet stings you.
You are more poisoned.
You feel yourself slow down.
The gnoll bouda hits you but does no damage.
You can move again.
You feel extremely sick. The hornet misses you. You block the gnoll's attack.
The gnoll completely misses you.
The gnoll bouda hits you with a +0 whip.
The hornet stings you!
* * * LOW HITPOINT WARNING * * *
You shrug off the repeated paralysis!
You block the gnoll's attack. The gnoll completely misses you.
The gnoll misses you.
You climb upwards.
* * * LOW HITPOINT WARNING * * *
You feel extremely sick.
There is a stone staircase leading down here.
Unknown command.
Unknown command.
Unknown command.
Okay, then.
Okay, then.
Okay, then.
As you read the scroll labelled ITEFO FECKOW, it crumbles to dust.
It is a scroll of identify.
q - 3 scrolls of torment You feel yourself speed up.
You feel very sick. The hornet stings you.
* * * LOW HITPOINT WARNING * * *
A demonic guardian appears!
You suddenly lose the ability to move!
The gnoll bouda hits you with a +0 whip.
* * * LOW HITPOINT WARNING * * *
The gnoll hits you with a +0 whip.
You die...

#......#............
#......#....[#'####.
#......#.....#....#.
#......#.....#....#.
#......#.....#....#.
#......#.....#....#.
#......#.....#....#.
#...g..#.....#....#.
#.g@5..#.....######.
#...y..#.....#....#.
#......#.....#....#.
#......#.....#....#.
#......#.....#....'.
#......#.....#....#.
#......#.....#....#.
#......#.....#....#.
#......#.....#....'.


You could see a hornet, a gnoll bouda (ally target), a gnoll (swift) and a
friendly quasit (summoned).

Vanquished Creatures
  A steam dragon (D:7)
  Menkaure (D:7)
  Duvessa (D:7)
  An orc warrior (D:6)
  2 sky beasts (D:7)
  4 black bears
  2 ice beasts
  A phantom (D:5)
  2 bullfrogs
  A kobold brigand (D:7)
  2 scorpions (D:6)
  4 wights (D:7)
  Dowan (D:7)
  4 bombardier beetles
  3 howler monkeys (D:7)
  2 hounds
  A jelly (D:6)
  2 orc priests (D:6)
  Jessica (D:2)
  4 iguanas
  2 orc wizards
  2 gnolls (D:5)
  6 adders
  3 shadow imps
  4 ufetubi
  2 ribbon worms
  13 orcs
  2 ball pythons
  2 bats (D:1)
  6 endoplasms
  3 giant cockroaches
  7 goblins
  4 hobgoblins (D:1)
  4 jackals (D:2)
  9 kobolds
  A quokka (D:1)
  A frilled lizard (D:2)
  8 rats
119 creatures vanquished.

Vanquished Creatures (collateral kills)
  A gnoll (D:5)
  2 orcs
  A kobold (D:2)
4 creatures vanquished.

Grand Total: 123 creatures vanquished

Notes
Turn   | Place    | Note
-------+----------+-------------------------------------------
     0 | D:1      | PidgeyThePirate the Demonspawn Monk began the quest for the
                  | Orb.
     0 | D:1      | Reached XP level 1. HP: 18/18 MP: 1/1
   114 | D:1      | Reached skill level 1 in Invocations
   164 | D:1      | Discovered your monstrous ancestry.
   164 | D:1      | Gained mutation: You have a pair of small horns on your
                  | head. [demonic ancestry]
   164 | D:1      | Reached XP level 2. HP: 24/24 MP: 2/2
   693 | D:1      | Found a faded altar of an unknown god.
  1170 | D:2      | Gained mutation: A weak demonic guardian rushes to your
                  | aid. [demonic ancestry]
  1170 | D:2      | Reached XP level 3. HP: 18/29 MP: 4/4
  1244 | D:2      | Found Bocoajyc's Armour Shoppe.
  1640 | D:2      | Noticed Jessica
  1645 | D:2      | Killed Jessica
  1646 | D:2      | Reached skill level 2 in Invocations
  1646 | D:2      | Reached XP level 4. HP: 22/35 MP: 5/5
  2027 | D:3      | Reached skill level 1 in Shields
  2085 | D:3      | Noticed a black bear
  2154 | D:3      | Reached XP level 5. HP: 39/41 MP: 6/6
  2509 | D:4      | Reached skill level 1 in Armour
  2566 | D:4      | Found a shadowy altar of Dithmenos.
  3045 | D:3      | Killed a black bear
  3046 | D:3      | Reached skill level 1 in Stealth
  3046 | D:3      | Reached skill level 3 in Invocations
  3046 | D:3      | Reached XP level 6. HP: 47/47 MP: 8/8
  3069 | D:5      | Entered Level 5 of the Dungeon
  3205 | D:5      | Noticed an ice beast
  3214 | D:5      | Killed an ice beast
  3350 | D:5      | Found a staircase to the Ecumenical Temple.
  3392 | Temple   | Entered the Ecumenical Temple
  3444 | D:5      | Gained mutation: Spells you cast may paralyse adjacent
                  | enemies. [demonic ancestry]
  3444 | D:5      | Reached XP level 7. HP: 17/53 MP: 9/9
  3844 | D:5      | Reached skill level 4 in Invocations
  4558 | D:6      | Reached skill level 5 in Invocations
  4558 | D:6      | Gained mutation: You have a small tail. [demonic ancestry]
  4558 | D:6      | Reached XP level 8. HP: 33/60 MP: 11/11
  4692 | D:6      | Reached skill level 5 in Short Blades
  5473 | D:7      | Reached skill level 6 in Invocations
  5950 | D:7      | Gained mutation: You have sharp fingernails. [demonic
                  | ancestry]
  5950 | D:7      | Reached XP level 9. HP: 66/66 MP: 12/14
  5962 | D:7      | Reached skill level 5 in Dodging
  6003 | D:7      | Noticed Menkaure
  6013 | D:7      | Killed Menkaure
  6111 | D:7      | Reached skill level 7 in Invocations
  6327 | D:7      | Reached skill level 1 in Evocations
  6359 | D:7      | Noticed Duvessa
  6363 | D:7      | Noticed Dowan
  6373 | D:7      | Killed Duvessa
  6376 | D:7      | Killed Dowan
  6377 | D:7      | Reached skill level 5 in Fighting
  6802 | D:8      | Paralysed by a hornet for 1 turns
  6805 | D:7      | Paralysed by a hornet for 2 turns
  6805 | D:7      | HP: 2/68 [gnoll bouda/+0 whip (3)]
  6805 | D:7      | Slain by a gnoll

Illustrated notes

Levels and vault maps discovered:
D:1:      ldierk_walled_garden_2, layout_loops_corners,
          dreamdust_ecumenical_altar_hidden_monk_grotto
D:2:      layout_basic, serial_shops, shop, uniq_jessica
D:3:      layout_rooms, nicolae_elyvilon_peaceful_grove
D:4:      layout_loops_ring, nicolae_dithmenos_shadow_blocks,
          serial_library_hellmonk_angled_corner
D:5:      layout_basic, minmay_temple_entry_gardened_gates
D:6:      layout_basic
D:7:      layout_gridville, uniq_duvessa, uniq_menkaure
D:8:      layout_rooms, serial_shops, nicolae_shop_rolling_square
Temple:   sentei_temple_godly_chess

Skill      XL: |  1  2  3  4  5  6  7  8  9 |
---------------+----------------------------+-----
Invocations    | 1 2 3 5 6 7 |  7.3
Short Blades   | 3 4 6 |  6.4
Dodging        | 3 4 5 |  5.1
Shields        | 1 2 |  2.7
Armour         | 1 2 |  2.9
Stealth        | 1 2 3 4 |  4.6
Fighting       | 4 5 |  5.0
Evocations     | 1 |  1.1

Action                     |  1- 3 |  4- 6 |  7- 9 || total
---------------------------+-------+-------+-------++-------
  Melee: Short sword       |   112 |   136 |   374 ||   622
         Headbutt          |    15 |    26 |    90 ||   131
         Tailslap          |       |       |    45 ||    45
         Dagger            |       |       |    14 ||    14
  Evoke: Wand              |       |     6 |    12 ||    18
    Use: Potion            |       |       |     1 ||     1
         Scroll            |       |       |     1 ||     1
   Stab: Sleeping          |     2 |     3 |     3 ||     8
         Paralysed         |       |     6 |    10 ||    16
         Distracted        |       |       |     2 ||     2
 Armour: Robe              |    11 |       |       ||    11
         Leather armour    |    15 |    41 |   120 ||   176
  Dodge: Dodged            |    70 |   102 |   262 ||   434
  Block: Buckler           |    23 |    26 |    70 ||   119

Table legend: (Time is in decaauts)
 A = Elapsed time spent in this place.
 B = Non-inter-level travel time spent in this place.
 C = Inter-level travel time spent in this place.
 D = Time resting spent in this place.
 E = Time spent auto-exploring this place.
 F = Levels seen in this place.
 G = Mean time per level.
                   A        B        C        D        E       F      G
               +--------+--------+--------+--------+--------+-----+--------+
         Total |   6693 |   6299 |    394 |      0 |   4759 |   9 |  743.7 |
       Dungeon |   6689 |   6295 |    394 |      0 |   4759 |   8 |  836.1 |
        Temple |      3 |      3 |      0 |      0 |      0 |   1 |    3.0 |
               +--------+--------+--------+--------+--------+-----+--------+

Top non-repeatable levels by time:
     D:7: 1278 daAuts
     D:6: 1216 daAuts
     D:1: 1148 daAuts
     D:5: 1111 daAuts
     D:4: 662 daAuts
     D:2: 658 daAuts
     D:3: 580 daAuts
     D:8: 34 daAuts
  Temple: 3 daAuts
